 Dungeon Crawl Stone Soup version 0.31.0-12-g77e489cdc1 (webtiles) character file.

Game seed: 16320155567157214357

36 Gethsaine the Vexing (level 3, -2/26 HPs)
             Began as a Mummy Hexslinger on Feb 28, 2024.
             Slain by a ribbon worm (7 damage)
             ... on level 2 of the Dungeon.
             The game lasted 00:06:55 (905 turns).

Gethsaine the Vexing (Mummy Hexslinger)              Turns: 905, Time: 00:06:56

Health: -2/26      AC:  3    Str: 11    XL:     3   Next: 19%
Magic:  6/6        EV: 12    Int: 12    God:
Gold:   51         SH:  0    Dex: 16    Spells: 1/6 levels left

rFire   x . .        a - +1 sling
rCold   + . .        (no shield)
rNeg    + + +        e - +0 leather armour
rPois   ∞            (no helmet)
rElec   .            (no cloak)
rCorr   .            (no gloves)
SInv    .            (no boots)
Will    .....        (no amulet)
Stlth   +            (no ring)
HPRegen 0.24/turn    (no ring)
MPRegen 0.10/turn

%: faith
@: no status effects
A: cold resistance 1, negative energy resistance 3, torment resistance 2, heat
vulnerability 1, in touch with death 1, no potions, faith
a: no special abilities


You were on level 2 of the Dungeon.
You visited 1 branch of the dungeon, and saw 2 of its levels.

You collected 51 gold pieces.

Inventory:

Hand Weapons
 a - a +1 sling (weapon)
Armour
 e - a +0 leather armour (worn)
Scrolls
 b - a scroll of poison
 d - a scroll of revelation


   Skills:
 + Level 1.4 Fighting
 + Level 1.9 Ranged Weapons
 + Level 0.0 Armour
 + Level 1.8 Dodging
 + Level 0.0 Stealth
 + Level 2.0 Spellcasting
 + Level 2.9 Hexes
 + Level 1.2 Fire Magic


You had one spell level left.
You knew the following spells:

 Your Spells              Type           Power      Damage    Failure   Level
a - Jinxbite              Hex            16%        N/A       16%         2
b - Inner Flame           Hex/Fire       6%         N/A       41%         3

Your spell library contained the following spells:

 Spells                   Type           Power      Damage    Failure   Level
 Sigil of Binding         Hex            8%         N/A       32%         3
 Cause Fear               Hex            4%         N/A       71%         4
 Dimensional Bullseye     Hex/Tloc       2%         N/A       89%         4


Dungeon Overview and Level Annotations

Branches:
Dungeon (2/15)

Altars:
Trog


Innate Abilities, Weirdness & Mutations

You are immune to poison.
Your flesh is cold resistant. (rC+)
You are immune to negative energy. (rN+++)
You are immune to unholy pain and torment.
You are vulnerable to heat. (rF-)
You are in touch with the powers of death.
You do not drink.
You have a special connection with the divine. (Faith)


Message History

The quokka misses you.
You shoot a sling bullet.
The sling bullet closely misses the quokka.
The quokka barely misses you. The ribbon worm barely misses you.
An endoplasm comes into view.
The quokka bites you.
The ribbon worm expels a string of sticky webbing.
The stream of webbing hits you but does no damage.
You are caught in a web!
You struggle to detach yourself from the web.
The quokka bites you.
You struggle to detach yourself from the web.
The quokka bites you but does no damage.
The ribbon worm bites you.
The web tears apart.
The quokka misses you. The ribbon worm bites you.
* * * LOW HITPOINT WARNING * * *
The quokka closely misses you. The quokka attacks as it pursues you!
The quokka closely misses you.
You are too injured to fight recklessly!
You are too injured to fight recklessly!
You shoot a sling bullet. The sling bullet hits the quokka!
You kill the quokka!
You shoot a sling bullet. The sling bullet hits the ribbon worm.
The ribbon worm is lightly wounded.
The ribbon worm bites you.
* * * LOW HITPOINT WARNING * * *
You shoot a sling bullet. The sling bullet hits the ribbon worm!
The ribbon worm is heavily wounded.
The ribbon worm completely misses you.
You shoot a sling bullet. The sling bullet hits the ribbon worm.
The ribbon worm is severely wounded.
The ribbon worm expels a string of sticky webbing.
The stream of webbing hits you but does no damage.
You are caught in a web!
The web tears apart.
The ribbon worm bites you.
* * * LOW HITPOINT WARNING * * *
You shoot a sling bullet. The sling bullet hits the ribbon worm.
The ribbon worm is severely wounded.
The ribbon worm bites you!
You die...

#......# #.#####..#
#.#.#..#
#####.#####..#
#.#.#..#
#............# #
#..###.....#####..#
#..........# #.##
....##.....# #.#
....##.....# #.#
.........### #.#
._...##@## #.#
..... #w# #.#
.......J# #........
#.##....#.
#.....#.# #.###.. #
#. #.. . #..


You could see a ribbon worm (catching breath) and an endoplasm.

Vanquished Creatures
  A dart slug (D:1)
  3 ball pythons (D:1)
  4 endoplasms (D:1)
  A giant cockroach (D:1)
  8 hobgoblins (D:1)
  4 quokkas
  2 bats (D:1)
  A goblin (D:1)
  3 kobolds (D:1)
  3 rats
30 creatures vanquished.

Notes
Turn   | Place    | Note
-------+----------+-------------------------------------------
     0 | D:1      | Gethsaine the Mummy Hexslinger began the quest for the Orb.
     0 | D:1      | Reached XP level 1. HP: 15/15 MP: 2/2
    53 | D:1      | Reached skill level 1 in Fire Magic
    53 | D:1      | Reached XP level 2. HP: 21/21 MP: 2/4
    88 | D:1      | Learned a level 2 spell: Jinxbite
   420 | D:1      | Reached XP level 3. HP: 26/26 MP: 5/5
   495 | D:1      | Learned a level 3 spell: Inner Flame
   885 | D:2      | Found a bloodstained altar of Trog.
   905 | D:2      | Slain by a ribbon worm

Illustrated notes

Levels and vault maps discovered:
D:1:      grunt_arrival_crossed_arrows, layout_loops_ring,
          minmay_small_reverse_x
D:2:      layout_loops_cross, serial_shops, nicolae_shop_tiny_statue_garden,
          basic_altar

Skill      XL: |  1  2  3 |
---------------+----------+-----
Fire Magic     | 1 |  1.2
Spellcasting   | 2 |  2.0
Fighting       | |  1.4
Ranged Weapons | |  1.9
Dodging        | |  1.8
Hexes          | |  2.9

Action                     || total
---------------------------++-------
   Fire: Sling             ||    98
   Cast: Jinxbite          ||     1
    Use: Scroll            ||     2
 Armour: Robe              ||    10
         Leather armour    ||    14
  Dodge: Dodged            ||    26
